EVO
OHIO STATE UNIVERSITY BUCKEYES @ UNIVERSITY OF ILLINOIS FIGHTING ILLINI
11/25/2045
 
TOP OF THE 1ST
Ohio State University Buckeyes batting - Pitching for University of Illinois Fighting Illini : RHP Tom Harrison
Pitching: RHP Tom Harrison
Batting: RHB Tan-ming Kwan 0-0: Foul Ball, location: 2F
0-1: Ball
1-1: Ball
2-1: Foul Ball, location: 2F
2-2: Ball
3-2: Base on Balls
Batting: RHB Jorge Lebron 0-0: Grounds into double play, 6-4-3 (Groundball, 6, EV 86.2 MPH)
Batting: RHB Er Le 0-0: Ball
1-0: Called Strike
1-1: Foul Ball, location: 2F
1-2: Foul Ball, location: 2F
1-2: Ball
2-2: Foul Ball, location: 2F
2-2: Fly out, F7 (Flyball, 78M, EV 91.2 MPH)
Top of the 1st over - 0 runs, 0 hits, 0 errors, 0 left on base; Ohio State University 0 - University of Illinois 0
BOTTOM OF THE 1ST
University of Illinois Fighting Illini batting - Pitching for Ohio State University Buckeyes : RHP Pedro Campos
Pitching: RHP Pedro Campos
Batting: LHB Efrem Isaev 0-0: Ball
1-0: Called Strike
1-1: Ball
2-1: Foul Ball, location: 2F
2-2: Ball
3-2: Ground out 4-3 (Groundball, 4MS, EV 85.6 MPH)
Batting: RHB German Quiroga 0-0: Called Strike
0-1: Foul Ball, location: 2F
0-2: Ball
1-2: Ball
2-2: Ball
3-2: Ground out U3 (Groundball, 23, EV 86.9 MPH)
Batting: RHB Jonathan Mendoza 0-0: DOUBLE (Line Drive, 8RXD, EV 103.1 MPH)
Batting: LHB George Roben 0-0: Ball
1-0: SINGLE (Line Drive, 7S, EV 105.0 MPH)
Jonathan Mendoza to third
Runner from 3rd tries for Home, SAFE, throw by LF to home
Batting: RHB Edwin Bejarano 0-0: Ball
1-0: Fly out, F7 (Line Drive, 7, EV 91.2 MPH)
Bottom of the 1st over - 1 run, 2 hits, 0 errors, 1 left on base; Ohio State University 0 - University of Illinois 1
TOP OF THE 2ND
Ohio State University Buckeyes batting - Pitching for University of Illinois Fighting Illini : RHP Tom Harrison
Batting: LHB Chris Cohen 0-0: Called Strike
0-1: Ball
1-1: Swinging Strike
1-2: Strikes out swinging
Batting: RHB Adam Turpin 0-0: Fly out, F9 (Flyball, 89M, EV 84.4 MPH)
Batting: LHB Alex Rivera 0-0: Ball
1-0: Called Strike
1-1: SINGLE (Groundball, 5D, EV 99.4 MPH)
Batting: RHB Nick Holsinger 0-0: SINGLE (Groundball, P, EV 84.4 MPH) (infield hit)
Alex Rivera to second
Batting: RHB Aaron Bryant 0-0: Ball
1-0: Foul Ball, location: 2F
1-1: Ball
2-1: Swinging Strike
2-2: Fielders Choice at 2nd, 6-4 (Groundball, 6, EV 79.4 MPH)
Top of the 2nd over - 0 runs, 2 hits, 0 errors, 2 left on base; Ohio State University 0 - University of Illinois 1
BOTTOM OF THE 2ND
University of Illinois Fighting Illini batting - Pitching for Ohio State University Buckeyes : RHP Pedro Campos
Batting: RHB Francisco Cabrera 0-0: Ball
1-0: Fly out, F8 (Line Drive, 8RD, EV 99.4 MPH)
Batting: RHB Ivan Castaneda 0-0: Ball
1-0: Called Strike
1-1: Swinging Strike
1-2: Fly out, F7 (Flyball, 7, EV 84.4 MPH)
Batting: RHB Chris Bejarano 0-0: SINGLE (Groundball, 6M, EV 99.4 MPH)
Batting: RHB Danny Vinagre 0-0: Ground out 4-3 (Groundball, 4, EV 88.8 MPH)
Bottom of the 2nd over - 0 runs, 1 hit, 0 errors, 1 left on base; Ohio State University 0 - University of Illinois 1
TOP OF THE 3RD
Ohio State University Buckeyes batting - Pitching for University of Illinois Fighting Illini : RHP Tom Harrison
Batting: RHB Aaron Bateman 0-0: Ball
1-0: Called Strike
1-1: Foul Ball, location: 2F
1-2: Ball
2-2: Ground out 5-3 (Groundball, 56, EV 83.8 MPH)
Batting: RHB Tan-ming Kwan 0-0: Called Strike
0-1: Ball
1-1: Ball
2-1: Foul Ball, location: 2F
2-2: Ball
3-2: Foul Ball, location: 2F
3-2: Foul Ball, location: 2F
3-2: Strikes out swinging
Batting: RHB Jorge Lebron 0-0: Called Strike
0-1: Ball
1-1: Ball
2-1: Ball
3-1: Ground out U3 (Groundball, 34S, EV 89.4 MPH)
Top of the 3rd over - 0 runs, 0 hits, 0 errors, 0 left on base; Ohio State University 0 - University of Illinois 1
BOTTOM OF THE 3RD
University of Illinois Fighting Illini batting - Pitching for Ohio State University Buckeyes : RHP Pedro Campos
Batting: LHB Efrem Isaev 0-0: Swinging Strike
0-1: Ball
1-1: Ball
2-1: Foul Ball, location: 2F
2-2: Ball
3-2: SINGLE (Groundball, 56, EV 97.5 MPH)
Batting: RHB German Quiroga 0-0: SINGLE (Groundball, 6S, EV 68.1 MPH) (infield hit)
Efrem Isaev to second
Batting: RHB Jonathan Mendoza 0-0: Grounds into double play, 5-4-3 (Groundball, 56S, EV 85.6 MPH)
Efrem Isaev to third
Batting: LHB George Roben 0-0: Ball
1-0: Foul Ball, location: 2F
1-1: Ball
2-1: Foul Ball, location: 2F
2-2: Ball
3-2: SINGLE (Groundball, 34D, EV 107.5 MPH) (infield hit)
Efrem Isaev scores
Batting: RHB Edwin Bejarano 0-0: SINGLE (Groundball, 4M, EV 105.6 MPH) (infield hit)
George Roben to second
Batting: RHB Francisco Cabrera 0-0: Foul Ball, location: 2F
0-1: Ball
1-1: Ball
2-1: Called Strike
2-2: Ball
3-2: Fly out, F8 (Flyball, 8LD, EV 100.6 MPH)
Bottom of the 3rd over - 1 run, 4 hits, 0 errors, 2 left on base; Ohio State University 0 - University of Illinois 2
TOP OF THE 4TH
Ohio State University Buckeyes batting - Pitching for University of Illinois Fighting Illini : RHP Tom Harrison
Batting: RHB Er Le 0-0: Ball
1-0: Swinging Strike
1-1: Swinging Strike
1-2: Ground out 6-3 (Groundball, 6, EV 80.6 MPH)
Batting: LHB Chris Cohen 0-0: Called Strike
0-1: Called Strike
0-2: DOUBLE (Line Drive, 78D, EV 106.2 MPH)
Batting: RHB Adam Turpin 0-0: Foul Ball, location: 2F
0-1: Ball
1-1: Ball
2-1: Fly out, F8 (Flyball, 8LD, EV 105.6 MPH)
Batting: LHB Alex Rivera 0-0: Foul Ball, location: 2F
0-1: Ball
1-1: Ball
2-1: Swinging Strike
2-2: Ball
3-2: 2-RUN HOME RUN (Flyball, 9D, EV 96.9 MPH), Distance : 364 ft
Batting: RHB Nick Holsinger 0-0: Ball
1-0: Ball
2-0: Ball
3-0: Base on Balls
Batting: RHB Aaron Bryant 0-0: Foul Ball, location: 2F
0-1: Ball
1-1: Foul Ball, location: 2F
1-2: Foul Ball, location: 2F
1-2: Ball
2-2: Foul Ball, location: 2F
2-2: DOUBLE (Line Drive, 3D, EV 102.5 MPH)
Nick Holsinger to third
Batting: RHB Aaron Bateman 0-0: Ball
1-0: Swinging Strike
1-1: Ball
2-1: Ball
3-1: Fly out, F7 (Flyball, 7D, EV 80.6 MPH)
Top of the 4th over - 2 runs, 3 hits, 0 errors, 2 left on base; Ohio State University 2 - University of Illinois 2
BOTTOM OF THE 4TH
University of Illinois Fighting Illini batting - Pitching for Ohio State University Buckeyes : RHP Pedro Campos
Batting: RHB Ivan Castaneda 0-0: Bunt for hit to 2R - play at first, batter OUT! 2-3
Batting: RHB Chris Bejarano 0-0: Ball
1-0: Foul Ball, location: 2F
1-1: Ball
2-1: Ground out 6-3 (Groundball, 6, EV 86.2 MPH)
Batting: RHB Danny Vinagre 0-0: Ball
1-0: Ball
2-0: SINGLE (Groundball, 6M, EV 106.9 MPH)
Batting: LHB Efrem Isaev 0-0: Ball
1-0: Foul Ball, location: 2F
1-1: Ball
2-1: Swinging Strike
2-2: Ball
3-2: Ground out 6-3 (Groundball, 6M, EV 87.5 MPH)
Bottom of the 4th over - 0 runs, 1 hit, 0 errors, 1 left on base; Ohio State University 2 - University of Illinois 2
TOP OF THE 5TH
Ohio State University Buckeyes batting - Pitching for University of Illinois Fighting Illini : RHP Tom Harrison
Batting: RHB Tan-ming Kwan 0-0: Ground out 6-3 (Groundball, 6, EV 105.6 MPH)
Batting: RHB Jorge Lebron 0-0: Foul Ball, location: 2F
0-1: Ball
1-1: Foul Ball, location: 2F
1-2: Foul Ball, location: 2F
1-2: Foul Ball, location: 2F
1-2: Ball
2-2: SOLO HOME RUN (Flyball, 78XD, EV 105.6 MPH), Distance : 416 ft
Pitching: LHP Matt Bayer
Batting: RHB Er Le 0-0: Ball
1-0: Ball
2-0: Ball
3-0: Base on Balls
Batting: LHB Chris Cohen 0-0: Fly out, F8 (Flyball, 8RXD, EV 100.0 MPH)
Batting: RHB Adam Turpin 0-0: Ball
1-0: Ball
2-0: Called Strike
2-1: Foul Ball, location: 2F
2-2: Ball
3-2: Strikes out looking
Top of the 5th over - 1 run, 1 hit, 0 errors, 1 left on base; Ohio State University 3 - University of Illinois 2
BOTTOM OF THE 5TH
University of Illinois Fighting Illini batting - Pitching for Ohio State University Buckeyes : RHP Pedro Campos
Batting: RHB German Quiroga 0-0: Foul Ball, location: 2F
0-1: Foul Ball, location: 2F
0-2: Fly out, F8 (Line Drive, 8LD, EV 97.5 MPH)
Batting: RHB Jonathan Mendoza 0-0: Ball
1-0: Ball
2-0: Ball
3-0: Called Strike
3-1: Base on Balls
Batting: LHB George Roben 0-0: Foul Ball, location: 2F
0-1: Foul Ball, location: 2F
0-2: Ball
1-2: Ball
2-2: Ball
3-2: Fly out, F8 (Flyball, 78S, EV 84.4 MPH)
Batting: RHB Edwin Bejarano 0-0: Called Strike
0-1: Ground out 4-3 (Groundball, 34, EV 80.6 MPH)
Bottom of the 5th over - 0 runs, 0 hits, 0 errors, 1 left on base; Ohio State University 3 - University of Illinois 2
TOP OF THE 6TH
Ohio State University Buckeyes batting - Pitching for University of Illinois Fighting Illini : LHP Matt Bayer
Batting: LHB Alex Rivera 0-0: Called Strike
0-1: Foul Ball, location: 2F
0-2: Strikes out swinging
Batting: RHB Nick Holsinger 0-0: Ball
1-0: Called Strike
1-1: Foul Ball, location: 2F
1-2: Fly out, F8 (Flyball, 8RD, EV 80.6 MPH)
Batting: RHB Aaron Bryant 0-0: Called Strike
0-1: Swinging Strike
0-2: Strikes out swinging
Top of the 6th over - 0 runs, 0 hits, 0 errors, 0 left on base; Ohio State University 3 - University of Illinois 2
BOTTOM OF THE 6TH
University of Illinois Fighting Illini batting - Pitching for Ohio State University Buckeyes : RHP Pedro Campos
Pitching: RHP Erik Myers
Batting: RHB Francisco Cabrera 0-0: Foul Ball, location: 2F
0-1: Swinging Strike
0-2: Ball
1-2: Ball
2-2: Foul Ball, location: 2F
2-2: Ball
3-2: Fly out, F8 (Flyball, 8RM, EV 89.4 MPH)
Batting: RHB Ivan Castaneda 0-0: Foul Ball, location: 2F
0-1: Foul Ball, location: 2F
0-2: Ball
1-2: Ball
2-2: Foul Ball, location: 2F
2-2: Foul Ball, location: 2F
2-2: SINGLE (Groundball, 6D, EV 95.0 MPH)
Batting: RHB Chris Bejarano 0-0: SINGLE (Groundball, 34D, EV 97.5 MPH)
Ivan Castaneda to second
Runner from 2nd tries for 3rd, SAFE, throw by RF made to third
Batting: RHB Danny Vinagre 0-0: DOUBLE (Line Drive, 78XD, EV 110.0 MPH)
Ivan Castaneda scores
Chris Bejarano to third
Batting: LHB Efrem Isaev 0-0: Ball
1-0: Foul Ball, location: 2F
1-1: Ball
2-1: Ball
3-1: Called Strike
3-2: Ground out 5-3 (Groundball, 25, EV 80.6 MPH)
Batting: RHB German Quiroga 0-0: Called Strike
0-1: Ball
1-1: Called Strike
1-2: Ball
2-2: Fly out, F8 (Flyball, 8LXD, EV 97.5 MPH)
Bottom of the 6th over - 1 run, 3 hits, 0 errors, 2 left on base; Ohio State University 3 - University of Illinois 3
TOP OF THE 7TH
Ohio State University Buckeyes batting - Pitching for University of Illinois Fighting Illini : LHP Matt Bayer
Pitching: LHP Gabe Alcantara
Batting: RHB Aaron Bateman 0-0: Ball
1-0: Ball
2-0: Fly out, F8 (Flyball, 8RD, EV 95.0 MPH)
Batting: RHB Tan-ming Kwan 0-0: Swinging Strike
0-1: Ball
1-1: Called Strike
1-2: Strikes out swinging
Batting: RHB Jorge Lebron 0-0: Foul Ball, location: 2F
0-1: SINGLE (Groundball, 5S, EV 70.6 MPH) (infield hit)
Batting: RHB Er Le 0-0: Ball
1-0: Ball
2-0: Foul Ball, location: 2F
2-1: SINGLE (Line Drive, 9LS, EV 90.0 MPH)
Jorge Lebron to second
Runner from 2nd tries for 3rd, SAFE, throw by RF made to third
Pinch Hitting: RHB Daniel Jacobsen 0-0: Ball
1-0: Foul Ball, location: 2F
1-1: Ball
2-1: SINGLE (Groundball, 4M, EV 103.1 MPH) (infield hit)
Jorge Lebron scores
Er Le to second
Batting: RHB Adam Turpin 0-0: Ball
1-0: Swinging Strike
1-1: Foul Ball, location: 2F
1-2: Ground out 1-3 (Groundball, P, EV 71.2 MPH)
Top of the 7th over - 1 run, 3 hits, 0 errors, 2 left on base; Ohio State University 4 - University of Illinois 3
BOTTOM OF THE 7TH
University of Illinois Fighting Illini batting - Pitching for Ohio State University Buckeyes : RHP Erik Myers
Now at 3B: Jesse Haddle
Batting: RHB Jonathan Mendoza 0-0: Foul Ball, location: 2F
0-1: Foul Ball, location: 2F
0-2: SOLO HOME RUN (Flyball, 7D, EV 99.4 MPH), Distance : 388 ft
Batting: LHB George Roben 0-0: Called Strike
0-1: Swinging Strike
0-2: Ball
1-2: Strikes out swinging
Batting: RHB Edwin Bejarano 0-0: Called Strike
0-1: Foul Ball, location: 2F
0-2: Foul Ball, location: 2F
0-2: Ball
1-2: Ball
2-2: Foul Ball, location: 2F
2-2: Foul Ball, location: 2F
2-2: Ball
3-2: Foul Ball, location: 2F
3-2: Base on Balls
Pitching: RHP Outa Tamura
Batting: RHB Francisco Cabrera 0-0: Called Strike
0-1: Ball
1-1: Foul Ball, location: 2F
1-2: Fly out, F8 (Flyball, 89M, EV 90.6 MPH)
Batting: RHB Ivan Castaneda 0-0: Foul Ball, location: 2F
0-1: Swinging Strike
0-2: Foul Ball, location: 2F
0-2: Ball
1-2: Foul Ball, location: 2F
1-2: Strikes out swinging
Bottom of the 7th over - 1 run, 1 hit, 0 errors, 1 left on base; Ohio State University 4 - University of Illinois 4
TOP OF THE 8TH
Ohio State University Buckeyes batting - Pitching for University of Illinois Fighting Illini : LHP Gabe Alcantara
Pitching: RHP Bryce Blanksby
Batting: LHB Alex Rivera 0-0: Ball
1-0: Swinging Strike
1-1: Foul Ball, location: 2F
1-2: Ball
2-2: Foul Ball, location: 2F
2-2: Strikes out swinging
Batting: RHB Nick Holsinger 0-0: Ball
1-0: Foul Ball, location: 2F
1-1: SINGLE (Groundball, 6MD, EV 110.6 MPH)
Batting: RHB Aaron Bryant 0-0: Foul Ball, location: 2F
0-1: Foul Ball, location: 2F
0-2: Foul Ball, location: 2F
0-2: Fly out, F9 (Flyball, 9LS, EV 83.8 MPH)
Batting: RHB Aaron Bateman 0-0: Ball
Passed Ball!
Nick Holsinger to second
1-0: Intentional Walk
Batting: RHB Tan-ming Kwan 0-0: Swinging Strike
0-1: Foul Ball, location: 2F
0-2: Ball
1-2: Ball
2-2: Foul Ball, location: 2F
2-2: Ball
3-2: Foul Ball, location: 2F
3-2: Foul Ball, location: 2F
3-2: Strikes out swinging
Top of the 8th over - 0 runs, 1 hit, 0 errors, 2 left on base; Ohio State University 4 - University of Illinois 4
BOTTOM OF THE 8TH
University of Illinois Fighting Illini batting - Pitching for Ohio State University Buckeyes : RHP Outa Tamura
Pinch Hitting: LHB Art D'Ascenzo 0-0: Called Strike
0-1: Ball
1-1: Foul Ball, location: 2F
1-2: Ball
2-2: Strikes out swinging
Batting: RHB Danny Vinagre 0-0: Swinging Strike
0-1: SINGLE (Flyball, 5D, EV 94.4 MPH)
Batting: LHB Efrem Isaev 0-0: Fly out, F5 (Popup, 5S, EV 73.1 MPH)
Batting: RHB German Quiroga 0-0: SINGLE (Flyball, 89S, EV 89.4 MPH)
Danny Vinagre to second
Batting: RHB Jonathan Mendoza 0-0: Foul Ball, location: 2F
0-1: Ball
1-1: Ball
2-1: Ground out 5-3 (Groundball, 5S, EV 82.5 MPH)
Bottom of the 8th over - 0 runs, 2 hits, 0 errors, 2 left on base; Ohio State University 4 - University of Illinois 4
TOP OF THE 9TH
Ohio State University Buckeyes batting - Pitching for University of Illinois Fighting Illini : RHP Bryce Blanksby
Pitching: RHP Joe Underhill
Now in CF: Brendan Garoutte
Batting: RHB Jorge Lebron 0-0: Foul Ball, location: 2F
0-1: Foul Ball, location: 2F
0-2: Ball
1-2: Strikes out swinging
Batting: RHB Er Le 0-0: Called Strike
0-1: Swinging Strike
0-2: Foul Ball, location: 2F
0-2: Strikes out swinging, 2-3 out at first.
Batting: RHB Jesse Haddle 0-0: Called Strike
0-1: Swinging Strike
0-2: Foul Ball, location: 2F
0-2: Ball
1-2: Strikes out swinging
Top of the 9th over - 0 runs, 0 hits, 0 errors, 0 left on base; Ohio State University 4 - University of Illinois 4
BOTTOM OF THE 9TH
University of Illinois Fighting Illini batting - Pitching for Ohio State University Buckeyes : RHP Outa Tamura
Batting: LHB George Roben 0-0: Ground out 6-3 (Groundball, 6M, EV 81.9 MPH)
Batting: RHB Edwin Bejarano 0-0: Called Strike
0-1: Swinging Strike
0-2: Ball
1-2: Strikes out swinging
Batting: RHB Francisco Cabrera 0-0: Ball
1-0: Called Strike
1-1: Ball
2-1: Foul Ball, location: 2F
2-2: Foul Ball, location: 2F
2-2: Ball
3-2: Base on Balls
Batting: RHB Ivan Castaneda 0-0: Ball
1-0: Called Strike
1-1: Called Strike
1-2: Foul Ball, location: 2F
1-2: Ball
Wild Pitch!
Francisco Cabrera to second
2-2: Ball
3-2: Intentional Walk
Pitching: RHP Chase Ashley
Pinch Hitting: RHB Andy Harrigan 0-0: Ball
1-0: Ball
2-0: Ball
3-0: Called Strike
3-1: Fielders Choice at 2nd, U4 (Groundball, 4M, EV 83.1 MPH)
Bottom of the 9th over - 0 runs, 0 hits, 0 errors, 2 left on base; Ohio State University 4 - University of Illinois 4
TOP OF THE 10TH
Ohio State University Buckeyes batting - Pitching for University of Illinois Fighting Illini : RHP Joe Underhill
Now in CF: Fumito Sakurai
Batting: RHB Adam Turpin 0-0: Fly out, F9 (Flyball, 9S, EV 90.0 MPH)
Batting: LHB Alex Rivera 0-0: Ball
1-0: Called Strike
1-1: Swinging Strike
1-2: Ball
2-2: Strikes out swinging
Batting: RHB Nick Holsinger 0-0: Ball
1-0: Foul Ball, location: 2F
1-1: Ball
2-1: Foul Ball, location: 2F
2-2: Fly out, F7 (Flyball, 7D, EV 100.6 MPH)
Top of the 10th over - 0 runs, 0 hits, 0 errors, 0 left on base; Ohio State University 4 - University of Illinois 4
BOTTOM OF THE 10TH
University of Illinois Fighting Illini batting - Pitching for Ohio State University Buckeyes : RHP Chase Ashley
Pitching: RHP Nick Ford
Batting: RHB Danny Vinagre 0-0: Ball
1-0: Reached on error, E5 (Groundball, 56, EV 81.9 MPH)
Batting: LHB Efrem Isaev 0-0: Ball
1-0: Called Strike
1-1: Foul Ball, location: 2F
1-2: Foul Ball, location: 2F
1-2: Grounds into double play, 4-6-3 (Groundball, 4M, EV 104.4 MPH)
Batting: RHB German Quiroga 0-0: Swinging Strike
0-1: Ball
1-1: Ball
2-1: DOUBLE (Flyball, 8RXD, EV 97.5 MPH)
Batting: RHB Jonathan Mendoza 0-0: Ball
1-0: Ball
2-0: Foul Ball, location: 2F
2-1: SINGLE (Line Drive, 8RS, EV 102.5 MPH)
German Quiroga to third
Batting: LHB George Roben 0-0: Called Strike
0-1: Foul Ball, location: 2F
0-2: Foul Ball, location: 2F
0-2: Ball
1-2: Foul Ball, location: 2F
1-2: Ball
2-2: Foul Ball, location: 2F
2-2: SINGLE (Groundball, 34S, EV 70.0 MPH) (infield hit)
German Quiroga scores
Bottom of the 10th over - 1 run, 3 hits, 1 error, 1 left on base; Ohio State University 4 - University of Illinois 5
Wednesday, June 22nd , 2022 - OOTP Baseball 23.4 Build 64